 Dungeon Crawl Stone Soup version 0.30-a0-779-g7971cf19c3 (webtiles) character file.

Game seed: 13146371588750831154

97 Wobber the Changer (level 4, -5/28 HPs)
             Began as an Octopode Transmuter on Feb 17, 2023.
             Slain by a gnoll
             ... wielding a +0 flail
              (14 damage)
             ... on level 3 of the Dungeon.
             The game lasted 00:07:00 (1950 turns).

Wobber the Changer (Octopode Transmuter)            Turns: 1950, Time: 00:07:00

Health: -5/28      AC:  1    Str:  9    XL:     4   Next: 68%
Magic:  7/7        EV: 13    Int: 17    God:
Gold:   72         SH:  0    Dex: 12    Spells: 5/8 levels left

rFire   . . .      SeeInvis .    b - +1 short sword (venom)
rCold   . . .      Faith    .    (no shield)
rNeg    . . .      Spirit   .    (helmet restricted)
rPois   .          Reflect  .    d - amulet of magic regeneration
rElec   .          Harm     .    (no ring)
rCorr   .          Rampage  .    (no ring)
Will    .....                    (no ring)
Stlth   ++                       (no ring)
HPRegen 0.24/turn                (no ring)
MPRegen 0.50/turn                (no ring)
                                 (no ring)
                                 (no ring)

@: wereblooded
A: almost no armour, amphibious, 8 rings, camouflage 1, gelatinous body 1,
(nimble swimmer 1), tentacles
a: no special abilities


You were on level 3 of the Dungeon.
You visited 1 branch of the dungeon, and saw 3 of its levels.

You collected 72 gold pieces.

Inventory:

Hand Weapons
 b - a +1 short sword of venom (weapon)
 c - a +0 dagger
 r - a +1 antimagic sling
Missiles
 p - 25 stones
Armour
 n - a +0 buckler
Magical Staves
 g - a staff of poison
Jewellery
 d - an amulet of magic regeneration (around mantle)
Wands
 m - a wand of flame (13)
Scrolls
 e - a scroll of amnesia {unknown}
 h - a scroll of blinking
 l - 2 scrolls of identify
 o - a scroll of teleportation {unknown}
 q - 3 scrolls of brand weapon {unknown}
Potions
 a - a potion of lignification
 f - 3 potions of flight
 i - a potion of resistance
 j - a potion of brilliance {unknown}
 k - a potion of cancellation {unknown}
 s - a potion of curing {unknown}


   Skills:
 - Level 1.0 Fighting
 - Level 2.0 Dodging
 - Level 3.0 Unarmed Combat
 + Level 2.6 Spellcasting
 * Level 3.3 Transmutations
 * Level 2.5 Ice Magic


You had 5 spell levels left.
You knew the following spells:

 Your Spells              Type           Power      Damage    Failure   Level
a - Beastly Appendage     Tmut           26%        N/A       4%          1
b - Wereblood             Tmut           13%        N/A       7%          2

Your spell library contained the following spells:

 Spells                   Type           Power      Damage    Failure   Level
 Spider Form              Tmut/Pois      7%         N/A       28%         3
 Ice Form                 Ice/Tmut       12%        N/A       50%         4


Dungeon Overview and Level Annotations

Branches:
Dungeon (3/15)

Altars:
The Shining One

Shops:
D:3 [


Innate Abilities, Weirdness & Mutations

You cannot wear most types of armour.
You are amphibious.
You can wear up to eight rings at the same time.
Your skin changes colour to match your surroundings (Stealth+).
Your rubbery body absorbs attacks. (AC +1, EV +1)
((You are camouflaged when in or above water. (Stealth+)))
You have tentacles for arms and can constrict up to eight enemies at once.


Message History

You are very lightly contaminated with residual magic.
Nothing appears to happen.
The ball python hisses angrily.
A gnoll comes into view. It is wielding a +0 club.
The gnoll hits you with a +0 spear.
A frilled lizard comes into view.
There is an open door here.
The frilled lizard hisses angrily.
You hit the gnoll.
The gnoll is poisoned.
Your grab misses the gnoll.
The gnoll is lightly wounded.
The gnoll barely misses you.
You barely miss the gnoll. Your grab misses the gnoll.
Your tentacle spike misses the gnoll.
The gnoll is lightly wounded.
The gnoll hits you with a +0 spear.
You hit the gnoll.
The gnoll looks as sick as possible!
You grab the gnoll. You squeeze the gnoll!
The gnoll is severely wounded.
You constrict the gnoll. The gnoll hits you with a +0 spear!
You hit the gnoll.
You feel a bit better.
You kill the gnoll!
You closely miss the gnoll. Your grab misses the gnoll.
Your tentacle spike disappears.
The gnoll barely misses you.
You barely miss the gnoll. Your grab misses the gnoll.
You squeeze the gnoll, but do no damage.
The gnoll barely misses you.
Your magical contamination has completely faded away.
You completely miss the gnoll. You grab the gnoll.
You constrict the gnoll, but do no damage.
The gnoll misses you.
You hit the gnoll.
The gnoll is poisoned.
You squeeze the gnoll, but do no damage.
The gnoll is lightly wounded.
You constrict the gnoll. The gnoll hits you with a +0 flail!
You hit the gnoll.
The gnoll looks as sick as possible!
The gnoll is heavily wounded.
You constrict the gnoll. The gnoll hits you with a +0 flail!
Ouch! That really hurt!
You die...

#.# ####.####
...
#####.......#
.##
....#.......#
.# #.........#
###.......# .
#.......# ...
#.......#
....g###)....#
8...Sgg@.....#
....l###.....#
... ......# .
##...### ....#
. #.# ....#
.##.. .##
#...# .....##
.. #.###
#.....# ..#


You could see 3 gnolls, a ball python and a frilled lizard.

Vanquished Creatures
  A gnoll (D:3)
  2 worms
  2 dart slugs (D:1)
  4 orcs (D:2)
  2 ball pythons (D:3)
  8 endoplasms
  3 giant cockroaches
  9 goblins
  7 hobgoblins
  3 quokkas
  9 bats
  9 frilled lizards
  5 kobolds
  A rat (D:1)
65 creatures vanquished.

Notes
Turn   | Place    | Note
-------+----------+-------------------------------------------
     0 | D:1      | Wobber the Octopode Transmuter began the quest for the Orb.
     0 | D:1      | Reached XP level 1. HP: 13/13 MP: 3/3
    79 | D:1      | Reached XP level 2. HP: 8/18 MP: 3/5
    95 | D:1      | Learned a level 2 spell: Wereblood
   159 | D:1      | Reached skill level 1 in Ice Magic
   434 | D:1      | Reached XP level 3. HP: 21/23 MP: 6/6
  1294 | D:2      | Reached XP level 4. HP: 28/28 MP: 7/7
  1818 | D:3      | Found a glowing golden altar of the Shining One.
  1898 | D:3      | Found Cukliklo's Antique Armour Shop.
  1950 | D:3      | Slain by a gnoll

Illustrated notes

Levels and vault maps discovered:
D:1:      dpeg_arrival_fog, layout_loops_cross, chequers_serial_rivers_marsh,
          grunt_decor_fettered, kennysheep_flooded_box
D:2:      layout_loops_cross, minmay_misc_feat_roman
D:3:      layout_rooms, okawaru_ov_weapons_minmay,
          mainiacjoe_overflow_six_doors_small,
          mainiacjoe_overflow_surrounded_room, minmay_overflow_temple_star_quad,
          serial_shops, nicolae_diamond_shop

Skill      XL: |  1  2  3 |
---------------+----------+-----
Ice Magic      | 1 2 |  2.5
Transmutations | 3 |  3.3
Fighting       | |  1.0
Dodging        | |  2.0
Unarmed Combat | |  3.0
Spellcasting   | |  2.6

Action                     |  1- 3 |  4- 6 || total
---------------------------+-------+-------++-------
  Melee: Unarmed           |    47 |       ||    47
         Tentacles         |     9 |     6 ||    15
         Constrict         |    26 |    10 ||    36
         Kick              |    23 |    13 ||    36
         Short sword       |    24 |    44 ||    68
         Punch             |       |     1 ||     1
   Cast: Beastly Appendage |    29 |    12 ||    41
         Wereblood         |       |     2 ||     2
    Use: Scroll            |     2 |     4 ||     6
   Stab: Sleeping          |     9 |     3 ||    12
 Armour: Skin              |     6 |     1 ||     7
  Dodge: Dodged            |    40 |    17 ||    57

Table legend: (Time is in decaauts)
 A = Elapsed time spent in this place.
 B = Non-inter-level travel time spent in this place.
 C = Inter-level travel time spent in this place.
 D = Time resting spent in this place.
 E = Time spent auto-exploring this place.
 F = Levels seen in this place.
 G = Mean time per level.
                   A        B        C        D        E       F      G
               +--------+--------+--------+--------+--------+-----+--------+
         Total |   1944 |   1867 |     77 |    119 |   1281 |   3 |  648.0 |
       Dungeon |   1944 |   1867 |     77 |    119 |   1281 |   3 |  648.0 |
               +--------+--------+--------+--------+--------+-----+--------+

Top non-repeatable levels by time:
     D:1: 813 daAuts
     D:2: 811 daAuts
     D:3: 319 daAuts
